 Dungeon Crawl Stone Soup version 0.31-a0-1144-g99969ba1bc (webtiles) character file.

Game seed: 8608219359776780303

3892 Arzdou the Covert (level 10, -7/56 HPs)
             Began as an Octopode Earth Elementalist on Dec 6, 2023.
             Was a Follower of Vehumet.
             Killed from afar by an electric eel (15 damage)
             ... with a bolt of electricity
             ... in a bailey.
             The game lasted 00:17:30 (8977 turns).

Arzdou the Covert (Octopode Earth Elementalist)     Turns: 8977, Time: 00:17:31

Health: -7/56      AC:  1    Str:  7    XL:     10   Next: 19%
Magic:  8/19       EV: 17    Int: 24    God:    Vehumet [*.....]
Gold:   51         SH:  0    Dex: 20    Spells: 10/21 levels left

rFire   . . .        B - +3 short sword of Kibuho {flame, Int+3}
rCold   + . .        (no shield)
rNeg    . . .        (helmet restricted)
rPois   .            u - amulet of regeneration
rElec   .            s - ring of willpower
rCorr   .            v - +6 ring of dexterity
SInv    .            A - ring of willpower
Will    ++...        E - ring of protection from cold
Stlth   ++++++       (no ring)
HPRegen 1.09/turn    (no ring)
MPRegen 0.16/turn    (no ring)
                     (no ring)

%: no passive effects
@: invisible
A: almost no armour, amphibious, 8 rings, camouflage 1, gelatinous body 1,
nimble swimmer 1, tentacles
a: Renounce Religion


You were in a bailey.
You worshipped Vehumet.
Vehumet was aware of your devotion.
You visited 2 branches of the dungeon, and saw 9 of its levels.
You also visited: Sewer and Bailey.

You collected 413 gold pieces.
You spent 362 gold pieces at shops.

Inventory:

Hand Weapons
 a - a +3 orcbow
 B - the +3 short sword of Kibuho (weapon) {flame, Int+3}
   (You found it on level 7 of the Dungeon)

   Int+3:     It affects your intelligence (+3).
Missiles
 j - 40 poisoned darts
Jewellery
 s - a ring of willpower (left tentacle)
 u - an amulet of regeneration (around mantle)
 v - a +6 ring of dexterity (right tentacle)
 A - a ring of willpower (on tentacle)
 E - a ring of protection from cold (on tentacle)
Scrolls
 b - a scroll of acquirement
 i - 2 scrolls of enchant weapon
 k - 2 scrolls of fog
 m - a scroll of fear {unknown}
 n - a scroll of vulnerability {unknown}
 o - a scroll of teleportation {unknown}
 p - a scroll of silence {unknown}
 q - a scroll of immolation {unknown}
 t - 3 scrolls of poison
 w - 2 scrolls of noise {unknown}
 y - a scroll of brand weapon {unknown}
 z - 2 scrolls of blinking
 C - a scroll of torment {unknown}
Potions
 c - a potion of berserk rage {unknown}
 d - a potion of might {unknown}
 e - 2 potions of attraction
 f - 3 potions of degeneration
 g - 4 potions of curing
 l - 3 potions of brilliance
 r - 2 potions of magic
 x - a potion of haste {unknown}


   Skills:
 + Level 5.8 Dodging
 + Level 8.2 Stealth
 - Level 6.2 Spellcasting
 + Level 7.5 Conjurations
 - Level 2.3 Transmutations
 - Level 7.1 Earth Magic


You had 10 spell levels left.
You knew the following spells:

 Your Spells              Type           Power      Damage    Failure   Level
a - Sandblast             Erth           82%        2d17      1%          1
b - Stone Arrow           Conj/Erth      84%        3d12      1%          3
c - Passwall              Tmut/Erth      25%        N/A       1%          2
d - Irradiate             Conj/Tmut      15%        3d16      28%         5

Your spell library contained the following spells:

 Spells                   Type           Power      Damage    Failure   Level
 Foxfire                  Conj/Fire      100%       2x1d9     1%          1
 Magic Dart               Conj           100%       1d8       1%          1
 Brom's Barrelling Bould  Conj/Erth      42%        2d6       3%          4
 Mephitic Cloud           Conj/Pois/Air  19%        N/A       9%          3
 Petrify                  Tmut/Erth      30%        N/A       11%         4
 Call Imp                 Summ           14%        N/A       12%         2
 Cigotuvi's Dreadful Rot  Necr/Pois/Air  14%        N/A       12%         2
 Sublimation of Blood     Necr           7%         N/A       12%         2
 Borgnjor's Vile Clutch   Necr/Erth      12%        N/A       45%         5
 Animate Dead             Necr           7%         N/A       61%         4
 Dispel Undead            Necr           7%         3d8       61%         4
 Olgreb's Toxic Radiance  Pois           7%         N/A       61%         4
 Death Channel            Necr           3%         N/A       100%        6
 Discord                  Hex            3%         N/A       100%        8
 Ignition                 Fire           3%         3d4       100%        8


Dungeon Overview and Level Annotations

Branches:
Dungeon (8/15)             Temple (1/1) D:6           Sewer (visited)
 Bailey (1/1)
   Lair: D:8-11

Altars:
Ashenzari
Cheibriados
Fedhas
Gozag
Kikubaaqudgha
Makhleb
Nemelex Xobeh
Okawaru
Qazlal
Ru
Sif Muna
Uskayaw
Vehumet
Wu Jian
Xom
The Shining One

Shops:
D:3 *   D:6 ?   D:7 *


Innate Abilities, Weirdness & Mutations

You cannot wear most types of armour.
You are amphibious.
You can wear up to eight rings at the same time.
Your skin changes colour to match your surroundings (Stealth+).
Your rubbery body absorbs attacks. (AC +1, EV +1)
You are camouflaged when in or above water. (Stealth+)
You have tentacles for arms and can constrict up to eight enemies at once.


Message History

The bolt of electricity hits you!
You hear a shout!
You are too injured to fight recklessly!
Unknown command.
You are too injured to fight recklessly!
Casting: Stone Arrow (safe; 1% risk of failure)
Confirm with . or Enter, or press ? or * to list all spells.
Aiming: Sandblast (safe; 1% risk of failure)
Press: ? - help, Shift-Dir - straight line, f/p - electric eel
Aim: an electric eel (water, 75% to hit)
The blast of sand hits the electric eel!
The electric eel is heavily wounded.
The electric eel shoots out a bolt of lightning at you!
The bolt of electricity hits you!
* * * LOW HITPOINT WARNING * * *
Casting: Sandblast (safe; 1% risk of failure)
Confirm with . or Enter, or press ? or * to list all spells.
Aiming: Sandblast (safe; 1% risk of failure)
Press: ? - help, Shift-Dir - straight line, f/p - electric eel
Aim: an electric eel (water, heavily wounded, 75% to hit)
The blast of sand hits the electric eel!!
You kill the electric eel!
Vehumet accepts your kill.
You hear a splash.
An electric eel comes into view.
The electric eel shoots out a bolt of lightning at you!
The bolt of electricity hits you!
* * * LOW HITPOINT WARNING * * *
You feel better.
The electric eel shoots out a bolt of lightning at you!
The bolt of electricity hits you!
* * * LOW HITPOINT WARNING * * *
You are too injured to fight recklessly!
You fade into invisibility!
The electric eel shoots out a bolt of lightning at you!
The bolt of electricity misses you.
Okay, then.
The electric eel shoots out a bolt of lightning at you!
The bolt of electricity hits you!
You die...

#≈≈≈≈≈~.#..8
#†≈≈≈≈~.####
#≈≈†≈≈~.#..
#≈≈†≈≈~.#[[
#≈≈≈≈≈og#[[
#≈≈≈≈≈#.# #
#≈≈≈≈≈#...
#≈≈≈≈≈# o.
#≈@≈≈≈#
#≈≈≈≈≈#
#≈≈≈≈≈#
#S≈≈≈≈≈≈≈
#≈≈≈≈≈≈≈≈≈
#≈≈≈≈≈≈≈≈≈
#≈≈≈≈≈≈≈≈≈
#≈≈≈≈≈≈≈≈≈


You could see an orc knight, an electric eel and a hobgoblin.

Vanquished Creatures
  Pikel (D:5)
  A troll (D:6)
  Prince Ribbit (D:7)
  Sigmund (D:2)
  Eustachio (D:4)
  4 orc warriors
  An ice beast (D:7)
  2 black bears (D:6)
  An ogre (D:5)
  2 centaurs (D:5)
  4 lemures (D:5)
  5 kobold brigands
  Blork the orc (D:5)
  A gnoll sergeant (D:8)
  3 scorpions
  2 killer bees
  2 howler monkeys
  6 electric eels (Bailey)
  2 hounds (D:5)
  2 jellies (D:4)
  2 orc priests (D:5)
  3 sleepcaps
  3 iguanas
  3 orc wizards (D:4)
  10 adders
  5 gnolls
  2 river rats (Sewer)
  A white imp (D:7)
  4 ufetubi (D:6)
  7 worms
  5 dart slugs
  23 orcs
  5 bats
  9 endoplasms
  5 giant cockroaches
  7 goblins
  6 hobgoblins
  3 jackals (D:3)
  19 kobolds
  2 quokkas
  13 ball pythons
  2 frilled lizards
  10 rats
192 creatures vanquished.

Notes
Turn   | Place    | Note
-------+----------+-------------------------------------------
     0 | D:1      | Arzdou the Octopode Earth Elementalist began the quest for
                  | the Orb.
     0 | D:1      | Reached XP level 1. HP: 11/11 MP: 3/3
   125 | D:1      | Reached XP level 2. HP: 17/17 MP: 1/5
   183 | D:1      | Reached skill level 3 in Stealth
   289 | D:1      | Found a faded altar of an unknown god.
   291 | D:1      | You fall into a shaft and drop 1 floor!
   305 | D:2      | Noticed Sigmund
   312 | D:2      | Killed Sigmund
   313 | D:2      | Reached skill level 4 in Stealth
   313 | D:2      | Reached XP level 3. HP: 7/21 MP: 5/7
   313 | D:2      | Reached XP level 4. HP: 9/27 MP: 5/8
   313 | D:2      | Reached XP level 5. HP: 10/31 MP: 5/9
   919 | D:2      | Learned a level 3 spell: Stone Arrow
   922 | D:2      | Learned a level 2 spell: Passwall
  1831 | D:3      | Reached XP level 6. HP: 36/36 MP: 8/10
  1847 | D:3      | Found a glowing drain.
  1861 | Sewer    | Entered a sewer
  2033 | Sewer    | Reached skill level 1 in Conjurations
  2467 | Sewer    | Reached XP level 7. HP: 41/41 MP: 7/12
  3113 | D:3      | Found an opulent altar of Gozag.
  3132 | D:3      | Reached skill level 5 in Earth Magic
  3143 | D:3      | Found Gozag's Platinum Reserve.
  3627 | D:4      | Noticed Eustachio
  3635 | D:4      | Killed Eustachio
  3636 | D:4      | Reached XP level 8. HP: 46/46 MP: 4/15
  4037 | D:4      | Reached skill level 5 in Spellcasting
  4445 | D:5      | Entered Level 5 of the Dungeon
  5436 | D:5      | Noticed Pikel
  5595 | D:5      | Killed Pikel
  5596 | D:5      | Reached skill level 5 in Conjurations
  5596 | D:5      | Reached XP level 9. HP: 25/51 MP: 2/18
  5851 | D:5      | Noticed Blork the orc
  5857 | D:5      | Killed Blork the orc
  6186 | D:5      | Reached skill level 5 in Stealth
  6490 | D:6      | Found a staircase to the Ecumenical Temple.
  6500 | Temple   | Entered the Ecumenical Temple
  6514 | Temple   | Became a worshipper of Vehumet
  6552 | D:6      | Noticed a troll
  6566 | D:6      | Killed a troll
  6827 | D:6      | Found Zaiklela's Magic Scroll Emporium.
  6830 | D:6      | Bought a scroll of identify for 30 gold pieces
  6830 | D:6      | Bought a scroll of identify for 30 gold pieces
  6830 | D:6      | Bought a scroll of identify for 30 gold pieces
  6830 | D:6      | Bought a scroll of blinking for 112 gold pieces
  7247 | D:7      | Noticed Prince Ribbit
  7251 | D:7      | Reached skill level 6 in Stealth
  7368 | D:7      | Killed Prince Ribbit
  7392 | D:6      | Learned a level 5 spell: Irradiate
  7456 | D:7      | Identified the +3 short sword of Kibuho {flame, Int+3}
  7726 | D:7      | Found Nyim's Assorted Antiques.
  7746 | D:7      | Reached skill level 7 in Stealth
  7748 | D:7      | Reached skill level 5 in Dodging
  7887 | D:7      | Bought a ruby ring for 160 gold pieces
  8304 | D:8      | Reached XP level 10. HP: 45/56 MP: 6/19
  8341 | D:7      | Reached * piety under Vehumet
  8341 | D:7      | Offered knowledge of Foxfire by Vehumet.
  8460 | D:8      | Found a flagged portal.
  8475 | Bailey   | Entered a bailey
  8820 | Bailey   | Reached skill level 8 in Stealth
  8822 | Bailey   | Noticed a kobold demonologist
  8960 | Bailey   | Noticed an orc knight
  8977 | Bailey   | Killed from afar by an electric eel

Illustrated notes

Levels and vault maps discovered:
D:1:      minmay_arrival_three_doors, layout_basic,
          nicolae_ecumenical_snake_handling
D:2:      layout_basic, uniq_sigmund
D:3:      layout_basic, nicolae_gozag_zags_fifth_avenue,
          cheibrodos_sewer_entry_drain, minivault_19
D:4:      layout_rooms, uniq_eustachio
D:5:      layout_gridville, kb_lookout_dungeons_type, uniq_pikel,
          uniq_blork_the_orc
D:6:      layout_basic, minmay_temple_entry_statues, serial_shops,
          nicolae_shop_behind_doors
D:7:      layout_basic, serial_shops, shop, uniq_prince_ribbit1
D:8:      layout_cave_pools, enter_bailey_4, serial_gnoll_camp,
          gnoll_camp_mini_hut, gnoll_camp_mini_loothouse, gnoll_camp_mini_basic,
          gnoll_camp_huts_moat, gnoll_camp_mini_hut
Temple:   regret_index_temple_waves
Bailey:   bailey_axe_of_yendor_kennysheep, bailey

Skill      XL: |  1  2  3  4  5  6  7  8  9 10 |
---------------+-------------------------------+-----
Stealth        | 4 7 8 |  8.2
Dodging        | 3 5 |  5.8
Transmutations | 2 |  2.3
Spellcasting   | 3 4 6 |  6.2
Conjurations   | 2 3 5 7 |  7.5
Earth Magic    | 4 5 7 |  7.1

Action                     |  1- 3 |  4- 6 |  7- 9 | 10-12 || total
---------------------------+-------+-------+-------+-------++-------
  Melee: Short sword       |     2 |     1 |     6 |     1 ||    10
         Constrict         |     1 |     1 |     7 |       ||     9
         Tentacles         |     1 |       |     1 |       ||     2
         Dagger            |       |       |     6 |       ||     6
         Whip              |       |       |     6 |       ||     6
   Fire: Orcbow            |       |       |     9 |       ||     9
  Throw: Dart              |       |       |     7 |       ||     7
   Cast: Sandblast         |    19 |    80 |   126 |     3 ||   228
         Stone Arrow       |       |     1 |    79 |    30 ||   110
    Use: Potion            |     1 |       |       |     2 ||     3
         Scroll            |       |       |     6 |     3 ||     9
 Armour: Skin              |     5 |     8 |    65 |    20 ||    98
  Dodge: Dodged            |     6 |    16 |   109 |    20 ||   151

Table legend: (Time is in decaauts)
 A = Elapsed time spent in this place.
 B = Non-inter-level travel time spent in this place.
 C = Inter-level travel time spent in this place.
 D = Time resting spent in this place.
 E = Time spent auto-exploring this place.
 F = Levels seen in this place.
 G = Mean time per level.
                   A        B        C        D        E       F      G
               +--------+--------+--------+--------+--------+-----+--------+
         Total |   9096 |   8892 |    204 |    924 |   6480 |  11 |  826.9 |
       Dungeon |   7534 |   7356 |    178 |    818 |   5373 |   8 |  941.8 |
        Temple |     28 |      2 |     26 |      0 |      0 |   1 |   28.0 |
         Sewer |   1029 |   1029 |      0 |      0 |    817 |   1 | 1029.0 |
        Bailey |    502 |    502 |      0 |    106 |    290 |   1 |  502.0 |
               +--------+--------+--------+--------+--------+-----+--------+

Top non-repeatable levels by time:
     D:5: 1623 daAuts
     D:4: 1413 daAuts
     D:2: 1034 daAuts
   Sewer: 1029 daAuts
     D:6: 993 daAuts
     D:7: 863 daAuts
     D:1: 788 daAuts
     D:3: 584 daAuts
  Bailey: 502 daAuts
     D:8: 234 daAuts
  Temple: 28 daAuts
